 Dungeon Crawl Stone Soup version 0.29.1-15-g9cfb28693d (webtiles) character file.

Game seed: 5783225108028479086

284 H0rd4k the Charlatan (level 6, -1/44 HPs)
             Began as a Human Artificer on Apr 27, 2023.
             Succumbed to a kobold's poison
             ... on level 4 of the Dungeon.
             The game lasted 00:03:24 (4565 turns).

H0rd4k the Charlatan (Human Artificer)              Turns: 4565, Time: 00:03:25

Health: -1/44      AC:  5    Str: 17 (19) XL:     6   Next: 54%
Magic:  6/6        EV: 12    Int:  8 (11) God:
Gold:   178        SH:  0    Dex: 10 (13) Spells: 5/5 levels left

rFire   . . .      SeeInvis .   a - +0 club
rCold   . . .      Faith    .   (no shield)
rNeg    . . .      Spirit   .   b - +0 leather armour
rPois   .          Reflect  .   (no helmet)
rElec   .          Harm     .   G - scarf {+Inv}
rCorr   .          Rampage  .   y - +0 pair of gloves
Will    .....                   r - +0 pair of boots
Stlth   ++........              u - amulet of the acrobat
HPRegen 0.14/turn               p - +6 ring of strength
MPRegen 0.10/turn               (no ring)

@: brilliant, lethally poisoned (-1 -> -7), attractive
A: dopey 1, mutation resistance 1
a: Evoke Invisibility


You were on level 4 of the Dungeon.
You visited 1 branch of the dungeon, and saw 4 of its levels.

You collected 178 gold pieces.

Inventory:

Hand Weapons
 a - a +0 club (weapon)
Missiles
 l - 6 poisoned darts
Armour
 b - a +0 leather armour (worn)
 r - a +0 pair of boots (worn)
 x - a +0 cloak
 y - a +0 pair of gloves (worn)
 G - a scarf of invisibility (worn)
Magical Staves
 q - a staff of fire
Jewellery
 p - a +6 ring of strength (left hand)
 u - an amulet of the acrobat (around neck)
 w - a ring of see invisible
Wands
 d - a wand of charming (12)
 e - a wand of iceblast (2)
 s - a wand of acid (3)
Scrolls
 c - a scroll of fog {unknown}
 f - 3 scrolls of identify {unknown}
 h - a scroll of silence {unknown}
 k - 2 scrolls of enchant weapon {unknown}
 m - 3 scrolls of brand weapon {unknown}
 o - a scroll of poison {unknown}
 v - a scroll of teleportation {unknown}
 z - 4 scrolls of vulnerability {unknown}
 C - a scroll of blinking {unknown}
 H - a scroll of immolation {unknown}
Potions
 g - a potion of lignification {unknown}
 i - a potion of brilliance
 j - a potion of attraction
 n - a potion of curing {unknown}
 t - a potion of mutation
 A - a potion of berserk rage {unknown}
 B - a potion of invisibility {unknown}
 D - a potion of might {unknown}
 E - a potion of resistance {unknown}
 F - 2 potions of degeneration
 I - a potion of heal wounds {unknown}


   Skills:
 + Level 2.1 Fighting
 - Level 2.5 Maces & Flails
 - Level 2.7 Armour
 + Level 2.4 Dodging
 + Level 2.4 Stealth
 * Level 0.2 Spellcasting
 + Level 4.2 Evocations


You had 5 spell levels left.
You didn't know any spells.
Your spell library contained the following spells:

 Spells                   Type           Power      Damage    Failure   Level
 Magic Dart               Conj           0%         1d3       45%         1
 Scorch                   Fire           0%         2d5       61%         2
 Searing Ray              Conj           0%         2d4       61%         2
 Flame Wave               Conj/Fire      0%         2d4       99%         4
 Fulminant Prism          Conj/Hex       0%         3d6       99%         4
 Conjure Ball Lightning   Conj/Air       0%         3x3d6     100%        6
 Summon Cactus Giant      Summ           0%         N/A       100%        6
 Discord                  Hex            0%         N/A       100%        8
 Disjunction              Tloc           0%         N/A       100%        8


Dungeon Overview and Level Annotations

Branches:
Dungeon (4/15)
 Temple: D:4-7

Altars:
Ashenzari
Makhleb

Shops:
D:1 =   D:2 *[[!


Innate Abilities, Weirdness & Mutations

You are dopey. (Int -2)
You are somewhat resistant to further mutation.


Message History

Okay, then.
That's the wrong kind of item! (Use * to select it.) Evoke which item? (* to show all) (? for menu, Esc to quit)
Okay, then.
Aiming: Charm
Press: ? - help, Shift-Dir - straight line, f - kobold
Aim: a kobold, wielding a +2 dagger of venom and quivering stones (chance to affect: 75%)
The kobold struggles to resist.
You feel very sick.
The kobold hits you with a +2 dagger of venom.
You are lethally poisoned!
Aiming: Charm
Press: ? - help, Shift-Dir - straight line, f/p - kobold
Aim: a kobold, wielding a +2 dagger of venom and quivering stones (chance to affect: 75%)
The kobold struggles to resist.
* * * LOW HITPOINT WARNING * * *
You feel very sick. The kobold closely misses you.
Aiming: Charm
Press: ? - help, Shift-Dir - straight line, f/p - kobold
Aim: a kobold, wielding a +2 dagger of venom and quivering stones (chance to affect: 75%)
The kobold is charmed.
* * * LOW HITPOINT WARNING * * *
You feel very sick.
It was a potion of brilliance.
You feel clever all of a sudden.
* * * LOW HITPOINT WARNING * * *
You feel sick.
It was a potion of attraction.
You feel attractive to monsters.
* * * LOW HITPOINT WARNING * * *
You feel very sick.
It was a potion of mutation.
You feel extremely strange.
You feel stupid.
You feel genetically stable.
* * * LOW HITPOINT WARNING * * *
You feel sick.
It was a potion of degeneration.
There was something very wrong with that liquid.
You feel weakened.
You feel dopey.
You feel clumsy.
You die...

.................>.
...................
...................
......#####'###....
.######..†....# .
.#............#
.#............#########
#..^.................##
...............@K.....#
......................#
......................#
#######################


You could see a friendly kobold (charmed).

Vanquished Creatures
  2 ogres (D:4)
  An iguana (D:4)
  Natasha (D:3)
  An adder (D:2)
  A worm (D:2)
  3 dart slugs
  An orc (D:3)
  3 endoplasms
  A goblin (D:3)
  3 hobgoblins
  8 jackals (D:3)
  5 kobolds
  2 quokkas
  6 ball pythons
  4 bats
  A frilled lizard (D:3)
  6 rats
49 creatures vanquished.

Notes
Turn   | Place    | Note
-------+----------+-------------------------------------------
     0 | D:1      | H0rd4k the Human Artificer began the quest for the Orb.
     0 | D:1      | Reached XP level 1. HP: 15/15 MP: 1/1
   407 | D:1      | Reached XP level 2. HP: 17/21 MP: 2/2
   455 | D:1      | Found a faded altar of an unknown god.
   681 | D:1      | Found Buepp's Jewellery Boutique.
  1183 | D:1      | Reached XP level 3. HP: 26/26 MP: 3/3
  1565 | D:2      | Found Zolol's Assorted Antiques.
  1895 | D:2      | Found Risaid's Distillery.
  2102 | D:2      | Found Yxiestot's Armour Emporium.
  2985 | D:2      | Reached skill level 4 in Evocations
  3064 | D:2      | Found Hapsos's Armour Boutique.
  3409 | D:3      | Reached skill level 1 in Maces & Flails
  3486 | D:3      | Reached XP level 4. HP: 32/32 MP: 4/4
  3669 | D:3      | Found a burning altar of Makhleb.
  3939 | D:3      | Noticed Natasha
  3977 | D:3      | Killed Natasha
  4157 | D:4      | Noticed an ogre
  4161 | D:4      | Killed an ogre
  4162 | D:4      | Reached XP level 5. HP: 38/38 MP: 5/5
  4216 | D:4      | Noticed an ogre
  4221 | D:4      | Killed an ogre
  4222 | D:4      | Reached XP level 6. HP: 44/44 MP: 6/6
  4509 | D:4      | Found a broken altar of Ashenzari.
  4563 | D:4      | HP: 2/44 [poisoned by a kobold]
  4564 | D:4      | Gained mutation: You are dopey. (Int -2) [potion of
                  | mutation]
  4564 | D:4      | Gained mutation: You are somewhat resistant to further
                  | mutation. [potion of mutation]
  4565 | D:4      | Succumbed to a kobold's poison

Illustrated notes

Levels and vault maps discovered:
D:1:      lightli_arrival_windingriver, layout_basic,
          hellmonk_ecumenical_altar_heavens_door, serial_shops,
          nicolae_shop_statue_plus
D:2:      layout_basic, serial_shops, nicolae_shop_behind_doors, shop,
          nicolae_shop_stone, nicolae_square_shop, minivault_26
D:3:      layout_loops_ring, mainiacjoe_overflow_chevrons, uniq_natasha
D:4:      layout_gridville, old_standard_altar, skrybe_limestone_x

Skill      XL: |  1  2  3  4  5 |
---------------+----------------+-----
Evocations     | 4 |  4.2
Maces & Flails | 1 2 |  2.5
Dodging        | 2 |  2.4
Stealth        | 2 |  2.4
Fighting       | 2 |  2.1
Armour         | |  2.7
Spellcasting   | |  0.2

Action                   |  1- 3 |  4- 6 || total
-------------------------+-------+-------++-------
Melee: Club              |   127 |    93 ||   220
       Punch             |       |     1 ||     1
Evoke: Wand              |     5 |    17 ||    22
  Use: Potion            |       |     4 ||     4
 Stab: Sleeping          |     3 |     3 ||     6
Armor: Leather armour    |    43 |    50 ||    93
Dodge: Dodged            |    93 |    69 ||   162
